cohdb
Replays
Latest Replays
All Replays
Popular Replays
Top Player Replays
Match Explorer
How It Works
Community
CoH3 Stats
Reddit
Sign in to upload your games and track your stats! →
Sign in with Steam
Match 45233339
Unlisted
Match 45233339
Overview
Messages
Build Orders
End
Panzergrenadier Squad
Kradschützen Motorcycle Team
Panzergrenadier Squad
Construct Light Support Kompanie
Selects Italian Infantry
2.5-tonne Medical Truck
Selects Guastatori Squad
Guastatori Squad
Selects Defensive Operations
Fire Support Elements
Construct Panzerarmee Kommand
Selects Registered Artillery
Registered Artillery
Synthoras
Punzler
梓川枫
Toki Asuma
Cadian Guardsman
dkdkabc
Sayamander 🐉
求你了别站起来蹬她
0
0
Comments
sign in to comment!
No comments posted yet!